 Dungeon Crawl Stone Soup version 0.19.3-1-g3169bf9 (webtiles) character file.

13636 protoss039 the Basher (level 12, -1/117 HPs)
             Began as a Gargoyle Fighter on Jan 26, 2017.
             Was a High Priest of Okawaru.
             Slain by a sixfirhy (12 damage)
             ... summoned by a glowing orange brain
             ... on level 2 of the Abyss.
             The game lasted 01:01:54 (12918 turns).

protoss039 the Basher (Gargoyle Fighter)           Turns: 12918, Time: 01:01:54

Health: -1/117     AC: 26    Str: 30    XL:     12   Next: 8%
Magic:  13/14      EV:  2    Int:  8    God:    Okawaru [*****.]
Gold:   959        SH: 15    Dex: 14    Spells: 0 memorised, 11 levels left

rFire  . . .     SeeInvis .     a - +0 flail
rCold  . . .     Gourm    .     (armour currently unavailable)
rNeg   + + +     Faith    .     c - +0 shield
rPois  ∞         Spirit   .     (helmet currently unavailable)
rElec  .         Reflect  .     (cloak currently unavailable)
rCorr  .         Harm     .     (gloves currently unavailable)
MR     +....     NoTele   +     (boots currently unavailable)
Stlth  ++........               (no amulet)
                                p - ring of protection from magic
                                e - +4 ring of strength

@: agile, tree-form, heroism, glowing
A: negative energy resistance 1, (electricity resistance), (unbreathing),
petrification resistance, rot immunity, AC +8
a: Heroism, Finesse, Renounce Religion


You were on level 2 of the Abyss.
You worshipped Okawaru.
Okawaru was extremely pleased with you.
You were not hungry.
You were a tree.
You visited 2 branches of the dungeon, and saw 12 of its levels.
You visited the Abyss 1 time.

You collected 992 gold pieces.
You spent 33 gold pieces at shops.

Inventory:

Hand Weapons
 a - a +0 flail (weapon)
Missiles
 F - 7 poisoned needles (quivered)
Armour
 c - a +0 shield (worn)
 l - a +0 pair of gloves (melded)
 z - a +1 plate armour (melded)
 L - a +1 cloak (melded)
Jewellery
 e - a +4 ring of strength (left branch)
 p - a ring of protection from magic (right branch)
Wands
 b - a wand of digging (13/24)
 i - a wand of polymorph (6/24)
 w - a wand of slowing (22/48)
 C - a wand of disintegration (8/24)
Scrolls
 j - a scroll of identify
 n - 2 scrolls of recharging
 r - a scroll of teleportation
 v - 6 scrolls of remove curse
 y - a scroll of holy word {unknown}
 A - a scroll of random uselessness
Potions
 g - a potion of lignification
 h - 2 potions of agility
 s - 2 potions of haste
 t - a potion of magic {unknown}
 x - 2 potions of flight
 D - a potion of brilliance {unknown}
 E - a potion of heal wounds {unknown}
Books
 d - a book of Clouds

   Spells                             Type                      Level
   a - Mephitic Cloud                 Conjuration/Poison/Air       3
   b - Conjure Flame                  Conjuration/Fire             3
   c - Poisonous Cloud                Conjuration/Poison/Air       6
   d - Freezing Cloud                 Conjuration/Ice/Air          6
   e - Ring of Flames                 Charms/Fire                  7
 H - a book of Frost

   Spells                             Type                      Level
   a - Freeze                         Ice                          1
   b - Throw Frost                    Conjuration/Ice              2
   c - Ozocubu's Armour               Charms/Ice                   3
   d - Throw Icicle                   Conjuration/Ice              4
   e - Summon Ice Beast               Ice/Summoning                4
 J - a book of Maledictions

   Spells                             Type                      Level
   a - Corona                         Hexes                        1
   b - Ensorcelled Hibernation        Hexes/Ice                    2
   c - Confuse                        Hexes                        3
   d - Tukima's Dance                 Hexes                        3
   e - Dazzling Spray                 Conjuration/Hexes            3
Miscellaneous
 K - a crystal ball of energy
Comestibles
 f - 10 bread rations
 k - 10 beef jerkies
 m - a slice of pizza
 o - 8 fruits
 q - 6 meat rations


   Skills:
 * Level 10.3(15.3) Fighting
 + Level 10.9(15.9) Maces & Flails
 * Level 2.8(7.8) Throwing
 + Level 10.1(15.1) Armour
 - Level 0.4(5.4) Dodging
 - Level 9.8(14.8) Shields
 * Level 3.8 Invocations


You had 11 spell levels left.
You didn't know any spells.

Dungeon Overview and Level Annotations

Branches:
Dungeon (11/15)            Temple (1/1) D:7            Lair (0/6) D:9
    Orc: D:9-12

Altars:
Ashenzari
Cheibriados
Dithmenos
Elyvilon
Fedhas
Gozag
Hepliaklqana
Kikubaaqudgha
Makhleb
Nemelex Xobeh
Okawaru
Qazlal
Ru
Sif Muna
Trog
Uskayaw
Vehumet
Xom
Yredelemnul
Zin
The Shining One
Beogh

Shops:
D:4 :   D:7 ?

Annotations:
D:11 Psyche


Innate Abilities, Weirdness & Mutations

You are resistant to torment.
((Your stone body is resilient. (AC +8)))
You are immune to poison.
You resist negative energy. (rN+)
((You are resistant to electric shocks. (rElec)))
((You can survive without breathing.))
You are immune to petrification.
You are immune to rotting.


Message History

Press: ? - help, v - describe, . - travel, g - get item
Here: a sixfirhy (summoned, haloed)
A hunting sling.
There is something else lying underneath.
The floor.
As you read the scroll labeled VOZXIC FIHUAF, it crumbles to dust.
You feel a surge of unholy energy.
The angel convulses!
It was a scroll of torment.
Unknown command.
As you read the scroll labeled GIMUUME MEFO, it crumbles to dust.
It is a scroll of amnesia.
You feel forgetful for a moment. You block the sixfirhy's attack.
Unknown command.
As you read the scroll labeled COSUGU QIU, it crumbles to dust.
It is a scroll of enchant armour.
Your +0 plate armour glows green for a moment.
The sixfirhy hits you.
* * * LOW HITPOINT WARNING * * *
The sixfirhy shocks you!
You die...

.. .. # ..
.# . # # .
##. .## .#
#3u.#[.≈.
... .
#.#A#)# #
#.. . .
######?Z3#
..... .
#....(#3#
#. # ##
#..≈#♣#.Gk#
#.. .# #..
.##≈## 3##
..#.#. ..
......#..#
. ..... .
#..#.....#
.# .## .
#.......###
#.#. . ...
#
.##.#.##.#
#.#.# . .
.# #.#.#..
.#...# .
..#.#...# .
..... . #
.#. ## #
#..... .


You could see an angel, 2 sixfirhies and a dire elephant skeleton.

Vanquished Creatures
  A centaur warrior (D:9)
  Erica (D:8)
  4 hill giants
  The ghost of Alarkh the Cleaver, a novice DsMo of Okawaru (D:5)
  Maurice (D:9)
  A komodo dragon (D:9)
  A kobold demonologist (D:9)
  3 trolls (D:9)
  2 hornets
  A two-headed ogre (D:8)
  A yak (D:9)
  A vampire (D:9)
  2 wyverns
  A steam dragon (D:10)
  A hungry ghost (D:9)
  3 water moccasins
  6 orc warriors
  3 ice beasts
  4 black bears
  6 sky beasts
  A necrophage (D:7)
  An eye of draining (D:10)
  4 ogres
  A phantom (D:8)
  5 centaurs
  A crocodile (D:9)
  2 big kobolds
  13 bullfrogs
  A wyvern skeleton (D:8)
  2 scorpions
  5 killer bees (D:11)
  3 wights (D:8)
  3 howler monkeys
  2 electric eels (D:9)
  4 crimson imps
  3 jellies
  3 centaur zombies
  3 hounds
  6 orc priests
  2 iguanas
  3 bullfrog skeletons
  11 orc wizards
  6 worker ants
  A hound zombie (D:5)
  4 hound skeletons
  15 adders
  4 gnolls (D:10)
  3 river rats (D:9)
  3 shadow imps
  2 oozes (D:1)
  6 worms
  A dart slug (D:3)
  9 leopard geckos
  53 orcs
  4 giant cockroaches
  7 goblins
  10 hobgoblins
  7 jackals
  11 kobolds
  3 quokkas
  3 ball pythons
  17 bats
  5 frilled lizards
  12 rats
309 creatures vanquished.

Vanquished Creatures (others)
  A hell hog (Abyss:2)
  A golden eye (Abyss:2)
  A fungus (D:9)
  4 plants (D:9)
7 creatures vanquished.

Grand Total: 316 creatures vanquished

Notes
Turn   | Place    | Note
-------+----------+-------------------------------------------
     0 | D:1      | protoss039 the Gargoyle Fighter began the quest for the Orb.
     0 | D:1      | Reached XP level 1. HP: 14/14 MP: 1/1
   167 | D:1      | Reached XP level 2. HP: 18/19 MP: 2/2
   350 | D:1      | Reached XP level 3. HP: 22/23 MP: 3/3
  1023 | D:2      | Reached XP level 4. HP: 28/28 MP: 4/4
  1873 | D:3      | Reached XP level 5. HP: 32/32 MP: 5/5
  2589 | D:4      | Found Wathrucs's Book Boutique.
  2973 | D:4      | Reached XP level 6. HP: 38/38 MP: 6/6
  3041 | D:4      | Noticed a sky beast
  3057 | D:4      | Killed a sky beast
  3158 | D:5      | Entered Level 5 of the Dungeon
  3236 | D:5      | Noticed a sky beast
  3297 | D:5      | Killed a sky beast
  3297 | D:5      | Reached skill level 5 in Shields
  3297 | D:5      | Reached XP level 7. HP: 26/44 MP: 7/7
  3394 | D:5      | Noticed Alarkh's ghost (novice DsMo)
  3428 | D:5      | Killed Alarkh's ghost
  3428 | D:5      | Reached skill level 5 in Fighting
  3428 | D:5      | Reached skill level 5 in Maces & Flails
  3428 | D:5      | Reached skill level 5 in Armour
  3428 | D:5      | Reached XP level 8. HP: 38/50 MP: 8/8
  3450 | D:5      | Found a runed door.
  3918 | D:5      | HP: 1/51 [orc priest/divine providence (16)]
  4475 | D:5      | Found a roughly hewn altar of Beogh.
  4728 | D:6      | Reached XP level 9. HP: 54/56 MP: 9/9
  4835 | D:6      | Found a shimmering altar of Xom.
  4969 | D:7      | Found a shattered altar of Ashenzari.
  5022 | D:7      | Found Puntet Xurr's Magic Scroll Boutique.
  5031 | D:7      | Bought a scroll of teleportation for 33 gold pieces
  5587 | D:7      | Found a staircase to the Ecumenical Temple.
  5602 | Temple   | Entered the Ecumenical Temple
  5804 | Temple   | Became a worshipper of Warmaster Okawaru
  6404 | D:8      | You fall through a shaft!
  6464 | D:9      | Reached * piety under Okawaru
  6518 | D:9      | Reached XP level 10. HP: 55/64 MP: 10/10
  6543 | D:9      | Noticed a hill giant
  6594 | D:10     | Entered Level 10 of the Dungeon
  6597 | D:10     | Noticed a hill giant
  6804 | D:9      | Noticed a centaur warrior
  7103 | D:10     | Noticed a hill giant
  7562 | D:9      | Noticed a kobold demonologist
  7807 | D:9      | Noticed Maurice
  8126 | D:9      | Found a staircase to the Lair.
  8160 | D:9      | Reached ** piety under Okawaru
  8261 | D:8      | Noticed Erica
  8294 | D:8      | Killed Erica
  8737 | D:8      | Reached *** piety under Okawaru
  9188 | D:8      | Reached XP level 11. HP: 69/69 MP: 11/11
  9863 | D:9      | Killed a centaur warrior
  9863 | D:9      | Reached skill level 1 in Invocations
  9914 | D:9      | Killed a hill giant
  9914 | D:9      | Reached **** piety under Okawaru
 10172 | D:9      | Reached skill level 10 in Maces & Flails
 10172 | D:9      | Reached skill level 1 in Throwing
 11297 | D:9      | Killed Maurice
 11297 | D:9      | Reached ***** piety under Okawaru
 11328 | D:10     | Killed a hill giant
 11486 | D:10     | Killed a hill giant
 11508 | D:10     | Reached skill level 10 in Fighting
 12548 | D:11     | Noticed a hill giant
 12560 | D:11     | Killed a hill giant
 12575 | D:11     | Reached skill level 10 in Armour
 12802 | D:11     | Reached XP level 12. HP: 77/77 MP: 14/14
 12847 | D:11     | Noticed Psyche
 12872 | D:11     | Cast into level 2 of the Abyss (Psyche)
 12903 | Abyss:2  | Noticed a hell hog
 12911 | Abyss:2  | Noticed an angel
 12913 | Abyss:2  | Killed a hell hog
 12918 | Abyss:2  | Slain by a sixfirhy

Skill      XL: |  1  2  3  4  5  6  7  8  9 10 11 |
---------------+----------------------------------+-----
Armour         | 4 5 6 7 8 10 | 10.1
Shields        | 4 5 6 8 9 |  9.8
Maces & Flails | 3 4 5 7 8 9 10 | 10.9
Fighting       | 4 5 6 7 8 10 | 10.3
Invocations    | 3 |  3.8
Throwing       | 2 |  2.8
Dodging        | |  0.4

Action                   |  1- 3 |  4- 6 |  7- 9 | 10-12 || total
-------------------------+-------+-------+-------+-------++-------
Melee: Flail             |   126 |   309 |   411 |   976 ||  1822
Invok: Heroism           |       |       |       |     2 ||     2
Evoke: Wand              |       |       |     1 |       ||     1
  Use: Scroll            |     1 |     6 |     5 |    11 ||    23
       Potion            |       |       |     2 |     7 ||     9
  Eat: Chunk             |     1 |     6 |     7 |    16 ||    30
       Beef jerky        |       |     1 |       |       ||     1
       Bread ration      |       |       |     1 |       ||     1
       Meat ration       |       |       |       |     2 ||     2
       Fruit             |       |       |       |     1 ||     1
       Pizza             |       |       |       |     1 ||     1
Armor: Scale mail        |    76 |    68 |       |       ||   144
       Chain mail        |       |   146 |   103 |       ||   249
       Plate armour      |       |       |   162 |   527 ||   689
       Skin              |       |       |       |    10 ||    10
Dodge: Dodged            |    50 |   100 |    98 |   178 ||   426
Block: Shield            |    84 |   194 |   280 |   576 ||  1134
